 Dungeon Crawl Stone Soup version 0.28-a0-1038-g9c4cb8273d (webtiles) character file.

Game seed: 9719197651281650153

7735 Majang the Cleaver (level 11, -28/92 HPs)
             Began as a Ghoul Gladiator on Dec 8, 2021.
             Was a Believer of Qazlal.
             Killed by dispel undead
             ... invoked by Josephine
              (42 damage)
             ... on level 1 of the Orcish Mines.
             The game lasted 00:31:45 (10429 turns).

Majang the Cleaver (Ghoul Gladiator)               Turns: 10429, Time: 00:31:45

Health: -28/92     AC: 16    Str: 23    XL:     11   Next: 19%
Magic:  13/13      EV: 10    Int:  3    God:    Qazlal [**....]
Gold:   1126       SH:  8    Dex: 10    Spells: 10/10 levels left

rFire   + . .      SeeInvis .   a - +1 battleaxe (elec)
rCold   + . .      Faith    .   (shield currently unavailable)
rNeg    + + +      Spirit   .   H - +0 chain mail
rPois   ∞          Reflect  +   c - +0 helmet
rElec   .          Harm     .   J - +0 cloak
rCorr   .          Rampage  .   u - +0 pair of gloves
Will    .....                   p - +1 pair of boots
Stlth   ..........              G - amulet of reflection
HPRegen 0.00/turn               v - ring of protection from fire
MPRegen 0.13/turn               (no ring)

@: inhibited regen, slowed, very slow
A: claws 1, cold resistance 1, negative energy resistance 3, inhibited
regeneration, torment resistance 2
a: Renounce Religion, Upheaval


You were on level 1 of the Orcish Mines.
You worshipped Qazlal.
Qazlal was pleased with you.
You visited 3 branches of the dungeon, and saw 12 of its levels.
You also visited: Sewer.

You collected 1467 gold pieces.
You spent 341 gold pieces at shops.

Inventory:

Hand Weapons
 a - a +1 battleaxe of electrocution (weapon)
 F - a +0 morningstar
Missiles
 d - 3 throwing nets (quivered)
 m - 2 boomerangs
 s - 4 curare-tipped darts
 t - 38 poisoned darts
Armour
 c - a +0 helmet (worn)
 p - a +1 pair of boots (worn)
 q - a +0 scale mail
 u - a +0 pair of gloves (worn)
 D - +0 steam dragon scales
 H - a +0 chain mail (worn)
 J - a +0 cloak (worn)
Jewellery
 i - an amulet of the acrobat
 v - a ring of protection from fire (left hand)
 z - a ring of willpower
 G - an amulet of reflection (around neck)
 O - a ring of fire
Wands
 f - a wand of iceblast (2)
 r - a wand of mindburst (16)
 L - a wand of flame (12)
Scrolls
 l - 3 scrolls of fear
 y - 2 scrolls of teleportation
 C - 2 scrolls of amnesia
 I - a scroll of immolation
 M - a scroll of fog
 N - a scroll of vulnerability {unknown}
Potions
 e - 3 potions of might {unknown}
 g - 2 potions of resistance {unknown}
 h - 9 potions of curing
 j - 4 potions of invisibility {unknown}
 k - 3 potions of lignification {unknown}
 n - a potion of brilliance {unknown}
 o - a potion of berserk rage {unknown}
 w - 2 potions of haste {unknown}
 x - a potion of flight {unknown}
 A - 2 potions of attraction
 B - a potion of mutation {unknown}
 E - a potion of cancellation
 K - a potion of degeneration {unknown}


   Skills:
 + Level 7.4 Fighting
 * Level 9.9 Axes
 + Level 5.7 Throwing
 + Level 6.1 Armour
 + Level 6.3 Dodging
 - Level 0.4 Stealth
 + Level 4.5 Invocations


You had 10 spell levels left.
You didn't know any spells.
Your spell library contained the following spells:

 Spells                   Type           Power      Damage    Failure   Level
 Magic Dart               Conj           0%         1d3       99%         1
 Searing Ray              Conj           0%         2d4       99%         2
 Gell's Gravitas          Tloc           0%         N/A       100%        3
 Inner Flame              Hex/Fire       0%         N/A       100%        3
 Lesser Beckoning         Tloc           0%         N/A       100%        3
 Teleport Other           Tloc           0%         N/A       100%        3
 Cause Fear               Hex            0%         N/A       100%        4
 Fulminant Prism          Conj/Hex       0%         3d6       100%        4
 Summon Hydra             Summ           0%         N/A       100%        7
 Discord                  Hex            0%         N/A       100%        8
 Sublimation of Blood     Necr           Unusable   N/A       N/A         2
 Wereblood                Tmut           Unusable   N/A       N/A         2

Dungeon Overview and Level Annotations

Branches:
Dungeon (10/15)            Temple (1/1) D:7            Lair (0/6) D:9
    Orc (1/2) D:9           Sewer (visited)

Altars:
Dithmenos
Qazlal
Trog
Beogh

Shops:
D:1 (   D:2 !   D:4 *   Orc:1 (

Annotations:
D:8 2 transporters, Gargoyl's ghost, novice GnAK
Orc:1 Josephine


Innate Abilities, Weirdness & Mutations

You thrive by killing the living.
You are immune to poison.
You have sharp fingernails.
Your flesh is cold resistant. (rC+)
You are immune to negative energy. (rN+++)
You do not regenerate when monsters are visible.
You are immune to unholy pain and torment.


Message History

The wraith hits you.
Josephine says, "I'll make a rug of your skin."
Josephine hits you with a +0 dagger.
* * * LOW HITPOINT WARNING * * *
The wraith hits you.
* * * LOW HITPOINT WARNING * * *
The wraith drains your vigour!
You feel as though you will be slow longer.
The wraith hits you but does no damage. Josephine hits you with a +0 dagger!
* * * LOW HITPOINT WARNING * * *
You feel much better.
The wraith is struck by lightning.
The wraith barely misses you. The wraith hits you.
The wraith drains your vigour!
You feel as though you will be slow longer.
Josephine hits you with a +0 dagger.
* * * LOW HITPOINT WARNING * * *
You block the wraith's attack.
You slice Josephine!!
Josephine is heavily wounded.
You hit the wraith. You hit the wraith but do no damage.
Lightning courses through the wraith! The wraith barely misses you.
Josephine hits you with a +0 dagger!
* * * LOW HITPOINT WARNING * * *
The wraith hits you but does no damage. The wraith hits you.
* * * LOW HITPOINT WARNING * * *
Josephine barely misses you.
You closely miss Josephine.
Josephine is heavily wounded.
You barely miss the wraith. x2; You block the wraith's attack. x2
Josephine barely misses you.
The wraith is engulfed in freezing vapours.
You destroy the wraith!
Qazlal accepts your kill. The wraith hits you but does no damage.
Josephine hits you but does no damage.
You slice Josephine!!
Josephine is severely wounded.
You closely miss the wraith. You block the wraith's attack.
Josephine casts a spell at you.
You convulse!
You die...

#......'∩#.......##
....#..###........#
# ##.............#
#
#..............##.#
##.#..><...........
####........#.....
##.##.............
#................$
##...○@W....#.##.#
.##.....@°...#### #
...........#..##
.....#.....#...#
......#.....#.##
..##.##.#...### .
#........##
##....#.#.#
##..###$.....#


You could see Josephine and a wraith.

Vanquished Creatures
  A two-headed ogre (D:10)
  An elephant (D:9)
  3 centaur zombies
  2 trolls
  Grinder (D:5)
  Sigmund (D:5)
  A shadow (D:9)
  A wyvern (D:9)
  3 wraiths (Orc:1)
  2 basilisks (D:9)
  3 yaks (D:9)
  2 steam dragons (D:7)
  Menkaure (D:5)
  A warg (Orc:1)
  A water moccasin (D:8)
  An ice beast (D:8)
  A necrophage (D:6)
  2 orc warriors
  A sky beast (D:6)
  2 centaurs
  3 ogres
  A phantom (D:5)
  Blork the orc (D:6)
  2 kobold brigands
  2 bullfrogs (D:8)
  2 gnoll sergeants
  2 scorpions (D:5)
  A water moccasin skeleton (D:5)
  3 killer bees (D:8)
  3 howler monkeys
  7 wights
  An electric eel (D:6)
  3 gnoll shamans
  A jelly (D:7)
  5 orc priests
  5 hounds
  A bullfrog skeleton (D:6)
  4 iguanas
  12 orc wizards
  A howler monkey zombie (D:10)
  21 gnolls
  8 adders
  4 shadow imps
  An ufetubus (D:6)
  4 worms
  2 dart slugs (D:2)
  33 orcs
  19 endoplasms
  12 giant cockroaches
  4 goblins
  4 hobgoblins
  3 jackals (D:4)
  7 kobolds
  13 quokkas
  15 ball pythons
  4 bats
  11 frilled lizards
  4 rats (D:1)
260 creatures vanquished.

Vanquished Creatures (others)
  An orc wizard (D:6)
  7 plants (D:6)
8 creatures vanquished.

Grand Total: 268 creatures vanquished

Notes
Turn   | Place    | Note
-------+----------+-------------------------------------------
     0 | D:1      | Majang the Ghoul Gladiator began the quest for the Orb.
     0 | D:1      | Reached XP level 1. HP: 17/17 MP: 0/0
   238 | D:1      | Reached skill level 3 in Axes
   286 | D:1      | Reached XP level 2. HP: 14/24 MP: 1/1
   567 | D:1      | Found Kett's Antique Weapon Shop.
   865 | D:1      | Found a faded altar of an unknown god.
  1080 | D:2      | Reached XP level 3. HP: 26/29 MP: 2/2
  1338 | D:2      | Found Lugho's Distillery.
  1347 | D:2      | Bought a potion of heal wounds for 55 gold pieces
  1392 | D:2      | Found a bloodstained altar of Trog.
  1477 | D:2      | Reached skill level 4 in Axes
  1477 | D:2      | Reached XP level 4. HP: 14/37 MP: 3/3
  2097 | D:3      | Found a shadowy altar of Dithmenos.
  2224 | D:3      | Reached skill level 1 in Armour
  2224 | D:3      | Reached XP level 5. HP: 42/42 MP: 4/4
  2766 | D:4      | Identified a scroll of acquirement
  2766 | D:4      | Acquired a +1 battleaxe of distortion
  2867 | D:4      | Reached skill level 5 in Axes
  3022 | D:4      | Reached XP level 6. HP: 50/50 MP: 5/5
  3343 | D:4      | HP: 2/51 [gnoll (5)]
  3581 | D:4      | Found Qory's Serpentskin Sales.
  3590 | D:4      | Bought 4 curare-tipped darts for 33 gold pieces
  3651 | D:5      | Entered Level 5 of the Dungeon
  3730 | D:5      | Reached XP level 7. HP: 50/57 MP: 6/6
  3776 | D:5      | Reached skill level 6 in Axes
  3863 | D:5      | Noticed Sigmund
  3872 | D:5      | Killed Sigmund
  4007 | D:5      | Noticed Menkaure
  4012 | D:5      | Killed Menkaure
  4013 | D:5      | Reached XP level 8. HP: 66/66 MP: 7/7
  4355 | D:5      | Noticed Grinder
  4363 | D:5      | Killed Grinder
  4364 | D:5      | Reached skill level 7 in Axes
  4446 | D:5      | Identified the +5 dagger "Utycon Yvoh" {spect, MP+9}
  4507 | D:6      | Noticed Blork the orc
  4512 | D:6      | Killed Blork the orc
  4534 | D:6      | Reached skill level 5 in Fighting
  4534 | D:6      | Reached XP level 9. HP: 11/74 MP: 8/8
  4912 | D:6      | Found a stormy altar of Qazlal.
  4924 | D:6      | Reached skill level 8 in Axes
  4940 | D:6      | Became a worshipper of Qazlal Stormbringer
  5039 | D:6      | Found a glowing drain.
  5061 | Sewer    | Entered a sewer
  5305 | Sewer    | Reached * piety under Qazlal
  5782 | D:6      | Found a shadowy altar of Dithmenos.
  5915 | D:7      | Reached skill level 1 in Invocations
  5963 | D:7      | Reached skill level 5 in Dodging
  6752 | D:7      | Found a staircase to the Ecumenical Temple.
  6762 | Temple   | Entered the Ecumenical Temple
  6781 | D:7      | Reached skill level 5 in Armour
  6781 | D:7      | Reached XP level 10. HP: 74/83 MP: 10/10
  7131 | D:8      | Acquired 714 gold pieces
  7374 | D:2      | Bought a potion of attraction for 33 gold pieces
  7374 | D:2      | Bought 2 potions of curing for 66 gold pieces
  7374 | D:2      | Bought a potion of curing for 33 gold pieces
  7374 | D:2      | Bought a potion of curing for 33 gold pieces
  7374 | D:2      | Bought a potion of cancellation for 88 gold pieces
  7499 | D:8      | Reached ** piety under Qazlal
  7521 | D:8      | Noticed a purple ugly thing
  7526 | D:8      | Noticed a death knight
  7555 | D:8      | Reached skill level 9 in Axes
  7586 | D:8      | Found a transporter.
  7588 | D:8      | Found a transporter.
  7588 | D:8      | Noticed Gargoyl's ghost (novice GnAK)
  7846 | D:9      | Found a staircase to the Lair.
  7846 | D:9      | Noticed an elephant
  7858 | D:9      | Reached skill level 5 in Throwing
  7872 | D:9      | Killed an elephant
  8304 | D:9      | Found a staircase to the Orcish Mines.
  9163 | D:10     | Entered Level 10 of the Dungeon
  9444 | D:10     | Noticed a two-headed ogre
  9450 | D:10     | Killed a two-headed ogre
  9451 | D:10     | Reached XP level 11. HP: 78/92 MP: 13/13
 10187 | Orc:1    | Entered Level 1 of the Orcish Mines
 10187 | Orc:1    | Found Poshruna's Weapon Shoppe.
 10409 | Orc:1    | Noticed Josephine
 10429 | Orc:1    | Killed from afar by Josephine

Illustrated notes

Levels and vault maps discovered:
D:1:      mainiacjoe_arrival_reflecting_pool, layout_basic, serial_shops, shop,
          hellmonk_ecumenical_altar_leap_of_faith, nrook_campfire
D:2:      layout_basic, basic_altar, serial_shops, shop
D:3:      layout_rooms, mainiacjoe_overflow_cross_hatched
D:4:      layout_loops_cross, st_stairs_10, guppyfry_shop_venom
D:5:      layout_basic, uniq_menkaure, uniq_sigmund, uniq_grinder
D:6:      layout_loops_ring, serial_bayou, serial_bayou_lagoon_a,
          serial_bayou_pond_e, serial_bayou_pond_e, serial_bayou_pond_b,
          cheibrodos_sewer_entry_bend, hangedman_feature_mirror,
          uniq_blork_the_orc
D:7:      layout_basic, temple_statues, serial_park_tiny_2
D:8:      layout_cave_pools, gammafunk_ghost_arena
D:9:      layout_irregular_city, david_lair_generic,
          minmay_orc_entry_temple_small
D:10:     layout_gridville
Temple:   roderic_octagonal_lattice_temple
Orc:1:    layout_caves, serial_shops, nicolae_shop_window_shopping,
          uniq_josephine

Skill      XL: |  1  2  3  4  5  6  7  8  9 10 |
---------------+-------------------------------+-----
Axes           | 3 4 5 6 7 8 9 |  9.9
Armour         | 1 2 3 4 5 6 |  6.1
Fighting       | 3 4 5 6 7 |  7.4
Throwing       | 2 3 4 5 |  5.7
Dodging        | 3 4 5 6 |  6.3
Invocations    | 2 4 |  4.5
Stealth        | |  0.4

Action                   |  1- 3 |  4- 6 |  7- 9 | 10-12 || total
-------------------------+-------+-------+-------+-------++-------
Melee: War axe           |   103 |    96 |       |       ||   199
       Battleaxe         |       |    79 |   263 |   175 ||   517
Throw: Throwing net      |       |       |     2 |       ||     2
       Dart              |       |       |     1 |       ||     1
Evoke: Wand              |       |       |     2 |       ||     2
  Use: Potion            |       |     4 |     1 |     1 ||     6
       Scroll            |       |     3 |     8 |     2 ||    13
 Stab: Sleeping          |     2 |       |       |       ||     2
Armor: Leather armour    |    32 |    34 |       |       ||    66
       Scale mail        |       |    29 |   126 |    37 ||   192
       Chain mail        |       |       |       |    99 ||    99
Dodge: Dodged            |    68 |   126 |   176 |   133 ||   503
Block: Other             |       |       |     1 |    77 ||    78

Table legend: (Time is in decaauts)
 A = Elapsed time spent in this place.
 B = Non-inter-level travel time spent in this place.
 C = Inter-level travel time spent in this place.
 D = Time resting spent in this place.
 E = Time spent auto-exploring this place.
 F = Levels seen in this place.
 G = Mean time per level.
                   A        B        C        D        E       F      G
               +--------+--------+--------+--------+--------+-----+--------+
         Total |  10738 |  10135 |    603 |   2364 |   5328 |  13 |  826.0 |
       Dungeon |  10077 |   9475 |    602 |   2188 |   5307 |  10 | 1007.7 |
        Temple |     11 |     11 |      0 |      0 |      0 |   1 |   11.0 |
  Orcish Mines |    252 |    252 |      0 |    164 |     21 |   1 |  252.0 |
         Sewer |    396 |    396 |      0 |     12 |      0 |   1 |  396.0 |
               +--------+--------+--------+--------+--------+-----+--------+

Top non-repeatable levels by time:
     D:9: 1281 daAuts
     D:7: 1147 daAuts
     D:1: 1094 daAuts
     D:5: 1052 daAuts
     D:4: 997 daAuts
    D:10: 992 daAuts
     D:3: 955 daAuts
     D:6: 920 daAuts
     D:8: 821 daAuts
     D:2: 813 daAuts
   Sewer: 396 daAuts
   Orc:1: 252 daAuts
  Temple: 11 daAuts
